 Dungeon Crawl Stone Soup version 0.28-a0-1624-g820543e53a (webtiles) character file.

Game seed: 14710645366483545520

785 HallandMoats the Skirmisher (level 7, -1/63 HPs)
             Began as a Ghoul Hunter on Jan 24, 2022.
             Slain by an adder (4 damage)
             ... on level 5 of the Dungeon.
             The game lasted 00:06:04 (4026 turns).

HallandMoats the Skirmisher (Ghoul Hunter)          Turns: 4026, Time: 00:06:04

Health: -1/63      AC:  5    Str: 16    XL:     7   Next: 86%
Magic:  6/6        EV: 11    Int:  6    God:
Gold:   201        SH:  0    Dex: 11    Spells: 6/6 levels left

rFire   . . .      SeeInvis .   b - +2 dagger (venom)
rCold   + . .      Faith    .   (no shield)
rNeg    + + +      Spirit   .   g - +0 ring mail
rPois   ∞          Reflect  .   (no helmet)
rElec   .          Harm     .   (no cloak)
rCorr   .          Rampage  .   (no gloves)
Will    .....                   (no boots)
Stlth   +.........              (no amulet)
HPRegen 0.00/turn               (no ring)
MPRegen 0.10/turn               (no ring)

@: inhibited regen, studying Poison Magic
A: claws 1, cold resistance 1, negative energy resistance 3, inhibited
regeneration, torment resistance 2
a: no special abilities


You were on level 5 of the Dungeon.
You visited 1 branch of the dungeon, and saw 5 of its levels.

You collected 201 gold pieces.

Inventory:

Hand Weapons
 a - a +1 hand crossbow
 b - a +2 dagger of venom (weapon)
Missiles
 o - a throwing net (quivered)
 s - 11 bolts
Armour
 g - a +0 ring mail (worn)
 l - the +1 robe "Pugetuuq" {rF+ rC++}
   (You found it on level 3 of the Dungeon)

   rF:        It protects you from fire.
   rC:        It greatly protects you from cold.
Jewellery
 r - a ring of flight
Scrolls
 d - a scroll of enchant weapon {unknown}
 f - a scroll of blinking {unknown}
 h - 2 scrolls of identify {unknown}
 i - 2 scrolls of immolation {unknown}
 j - a scroll of summoning {unknown}
 n - 2 scrolls of vulnerability {unknown}
 p - a scroll of enchant armour {unknown}
 q - a scroll of teleportation {unknown}
 t - a scroll of noise {unknown}
Potions
 c - a potion of curing
 e - 2 potions of mutation
 k - a potion of ambrosia {unknown}
 m - 2 potions of cancellation {unknown}


   Skills:
 * Level 6.2 Fighting
 + Level 5.0 Crossbows
 + Level 3.2 Armour
 + Level 3.8 Dodging
 - Level 1.1 Stealth


You had 6 spell levels left.
You didn't know any spells.
Your spell library contained the following spells:

 Spells                   Type           Power      Damage    Failure   Level
 Magic Dart               Conj           0%         1d3       67%         1
 Call Imp                 Summ           0%         N/A       80%         2
 Call Canine Familiar     Summ           0%         N/A       95%         3
 Dazzling Flash           Conj/Hex       0%         N/A       95%         3
 Mephitic Cloud           Conj/Pois/Air  0%         N/A       95%         3
 Portal Projectile        Hex/Tloc       0%         N/A       95%         3
 Leda's Liquefaction      Hex/Erth       0%         N/A       100%        4
 Agony                    Necr           0%         N/A       100%        5
 Excruciating Wounds      Necr           0%         N/A       100%        5
 Silence                  Hex/Air        0%         N/A       100%        5
 Blade Hands              Tmut           Unusable   N/A       N/A         5

Dungeon Overview and Level Annotations

Branches:
Dungeon (5/15)
 Temple: D:4-7

Altars:

Shops:
D:5 *


Innate Abilities, Weirdness & Mutations

You thrive by killing the living.
You are immune to poison.
You have sharp fingernails.
Your flesh is cold resistant. (rC+)
You are immune to negative energy. (rN+++)
You do not regenerate when monsters are visible.
You are immune to unholy pain and torment.


Message History

You feel better.
You feel a bit more experienced.
Your Crossbows skill increases to level 5!
Found a scroll labelled QITWIGH AMUEN.
Found a knobbly granite ring.
You barely miss the bullfrog skeleton.
The bullfrog skeleton hits you but does no damage.
A bullfrog zombie comes into view.
An adder comes into view.
The adder hisses angrily.
The bullfrog zombie hits you.
* * * LOW HITPOINT WARNING * * *
You closely miss the adder. The bullfrog zombie hits you.
* * * LOW HITPOINT WARNING * * *
The adder bites you.
* * * LOW HITPOINT WARNING * * *
The bullfrog zombie hits you.
* * * LOW HITPOINT WARNING * * *
The adder bites you but does no damage.
The bullfrog zombie hits you but does no damage.
The adder barely misses you. x2
Found a stone staircase leading down.
Found a scroll labelled ESAPIO LUPEASUMI.
Found a stone staircase leading down.
A bullfrog skeleton comes into view.
Found Ucryirus's Mass Market.
The adder bites you.
* * * LOW HITPOINT WARNING * * *
The bullfrog zombie hits you.
* * * LOW HITPOINT WARNING * * *
The bullfrog zombie barely misses you. The adder bites you.
* * * LOW HITPOINT WARNING * * *
A gnoll comes into view. It is wielding a +0 halberd.
There is a stone staircase leading up here.
Okay, then.
Unknown command.
The adder bites you.
* * * LOW HITPOINT WARNING * * *
The adder bites you.
You die...

≈≈≈≈≈≈ ≈≈≈≈≈≈ ♣≈g≈≈≈≈ #.
###.♣♣≈≈≈≈≈ #... .......≈≈ ≈♣
#...##.... #.≈♣♣♣ ♣. #..#>#.#.#
#.#.@# #. ...#>...# #.#SZ#
#.#### #$#
.∩.....###.Z..###....#####.#
#?####....Y...#......#.......#
#.........Z.....####...#####.###
######.##.##.......)o......#.#.#
#.##.###...##########......
#.##.####....#...# #.#.#.#
#.............#..# #......


You could see an ice beast, a gnoll, an adder, a bullfrog zombie and 2 bullfrog
skeletons.

Vanquished Creatures
  Grinder (D:4)
  An orc warrior (D:5)
  2 ogres (D:4)
  A wyvern skeleton (D:4)
  5 orc wizards (D:4)
  Robin (D:4)
  3 adders
  3 worms
  A dart slug (D:2)
  11 orcs
  3 ball pythons (D:1)
  4 bats
  8 endoplasms
  5 giant cockroaches
  10 hobgoblins
  4 jackals (D:2)
  5 quokkas
  3 frilled lizards
  17 goblins
  6 kobolds
  6 rats
100 creatures vanquished.

Vanquished Creatures (others)
  4 plants (D:5)
4 creatures vanquished.

Grand Total: 104 creatures vanquished

Notes
Turn   | Place    | Note
-------+----------+-------------------------------------------
     0 | D:1      | HallandMoats the Ghoul Hunter began the quest for the Orb.
     0 | D:1      | Reached XP level 1. HP: 17/17 MP: 0/0
    62 | D:1      | Reached XP level 2. HP: 24/25 MP: 1/1
   362 | D:1      | Reached XP level 3. HP: 30/30 MP: 2/2
   384 | D:1      | Found a faded altar of an unknown god.
   399 | D:1      | Reached skill level 3 in Fighting
   582 | D:2      | Reached skill level 1 in Armour
   980 | D:2      | Reached XP level 4. HP: 38/38 MP: 3/3
  1484 | D:3      | Identified the +1 robe "Pugetuuq" {rF+ rC++}
  2347 | D:4      | Reached XP level 5. HP: 37/46 MP: 4/4
  2544 | D:4      | Noticed an ogre
  2554 | D:4      | Killed an ogre
  2555 | D:4      | Reached skill level 4 in Fighting
  2581 | D:4      | Reached XP level 6. HP: 32/53 MP: 5/5
  2729 | D:4      | Noticed Grinder
  2746 | D:4      | Killed Grinder
  2747 | D:4      | Reached skill level 5 in Fighting
  2747 | D:4      | Reached XP level 7. HP: 30/61 MP: 6/6
  3176 | D:4      | Noticed Robin
  3189 | D:4      | Killed Robin
  3908 | D:4      | Reached skill level 6 in Fighting
  3976 | D:5      | Entered Level 5 of the Dungeon
  4001 | D:5      | Reached skill level 5 in Crossbows
  4018 | D:5      | Found Ucryirus's Mass Market.
  4026 | D:5      | HP: 3/63 [adder (1)]
  4026 | D:5      | Slain by an adder

Illustrated notes

Levels and vault maps discovered:
D:1:      lemuel_arrival_lava_pool, layout_rooms,
          shapermc_ecumenical_altar_pompeii, chequers_serial_rivers_micro_b,
          minmay_tromino_v4_a
D:2:      layout_loops_ring
D:3:      layout_loops_ring, bh_walls_and_bars
D:4:      layout_basic, enter_ossuary_1, minmay_misc_feat_roman,
          kennysheep_generic_room_4, uniq_grinder, uniq_robin
D:5:      layout_loops_ring, hex_medium, hangedman_decor_diamond_cutter,
          serial_bayou_ford_a, st_stairs_9, minmay_shop_mass

Skill      XL: |  1  2  3  4  5  6  7 |
---------------+----------------------+-----
Dodging        | 2 3 |  3.8
Fighting       | 3 4 5 6 |  6.2
Armour         | 1 2 3 |  3.2
Crossbows      | 4 5 |  5.0
Stealth        | |  1.1

Action                   |  1- 3 |  4- 6 |  7- 9 || total
-------------------------+-------+-------+-------++-------
Melee: Short sword       |       |    10 |     1 ||    11
       Dagger            |       |       |    36 ||    36
       Punch             |       |       |     1 ||     1
 Fire: Hand crossbow     |    93 |    94 |    55 ||   242
  Use: Potion            |       |     2 |       ||     2
Armor: Leather armour    |     1 |       |       ||     1
       Ring mail         |     1 |    14 |    44 ||    59
Dodge: Dodged            |     5 |    31 |    40 ||    76

Table legend: (Time is in decaauts)
 A = Elapsed time spent in this place.
 B = Non-inter-level travel time spent in this place.
 C = Inter-level travel time spent in this place.
 D = Time resting spent in this place.
 E = Time spent auto-exploring this place.
 F = Levels seen in this place.
 G = Mean time per level.
                   A        B        C        D        E       F      G
               +--------+--------+--------+--------+--------+-----+--------+
         Total |   4087 |   4002 |     85 |      0 |   3254 |   5 |  817.4 |
       Dungeon |   4087 |   4002 |     85 |      0 |   3254 |   5 |  817.4 |
               +--------+--------+--------+--------+--------+-----+--------+

Top non-repeatable levels by time:
     D:4: 1737 daAuts
     D:2: 892 daAuts
     D:3: 825 daAuts
     D:1: 583 daAuts
     D:5: 49 daAuts
